 Dungeon Crawl Stone Soup version 0.27.1-3-gb3d3a73c9e (webtiles) character file.

Game seed: 8348034130054479063

2291184 PanSaczeczos the Champion of Chaos (level 27, 234/262 HPs)
             Began as a Deep Dwarf Gladiator on Oct 29, 2021.
             Was the Champion of Makhleb.
             Escaped with the Orb
             ... and 4 runes!
             The game lasted 04:41:49 (81313 turns).

PanSaczeczos the Champion of Chaos (DDGl)          Turns: 81313, Time: 04:41:49

Health: 234/262    AC: 46    Str: 36    XL:     27
Magic:  27/27      EV: 11    Int:  5    God:    Makhleb [******]
Gold:   8315       SH: 34    Dex: 20    Spells: 26/26 levels left

rFire    + + +     SeeInvis +   a - +8 broad axe (elec)
rCold    + . .     Faith    .   q - +0 tower shield {reflect}
rNeg     + + +     Spirit   .   e - +12 gold dragon scales
rPois    +         Reflect  +   T - +0 hat "Nyefesof" {rN++ Str+5 Stlth+}
rElec    +         Harm     .   k - +0 cloak of Agoraphobia {Drain Fly SInv}
rCorr    +         Rampage  .   u - +2 pair of gloves
Will     ++++.                  V - +3 pair of boots "Okhlemuo" {rElec rF+++ Int-5 Stlth-}
Stlth    ..........             g - amulet "Vuora" {Reflect +Inv rC- rCorr Dex+4 SH+5}
HPRegen  0.00/turn              n - ring of Rutaz {Str+3 Dex+2 Slay+4}
MPRegen  0.20/turn              Z - ring of Recklessness {rC+ AC+4 Slay+3}

@: flying, studying Poison Magic
A: damage resistance, heal wounds, negative energy resistance 1, sense
surroundings 3, no regeneration, frail 1, weak 1
0: Orb of Zot
}: 4/15 runes: decaying, serpentine, slimy, silver
a: Heal Wounds, Renounce Religion, Evoke Invisibility, Minor Destruction, Lesser
Servant of Makhleb, Major Destruction, Greater Servant of Makhleb


You escaped.
You worshipped Makhleb.
Makhleb was exalted by your worship.
You visited 12 branches of the dungeon, and saw 58 of its levels.
You also visited: Trove, Ossuary, Bailey and Wizlab.

You collected 14514 gold pieces.
You spent 6199 gold pieces at shops.

Inventory:

Hand Weapons
 a - a +8 broad axe of electrocution (weapon)
 b - the +12 fustibalus "Ovufeyny" {vorpal, rC+++ MP-9 Dex+3 SInv}
   (You found it on level 4 of the Depths)

   Any ammunition fired from it inflicts extra damage upon your enemies.
   Dex:       It affects your dexterity (+3).
   rC:        It renders you almost immune to cold.
   MP:        It affects your magic capacity (-9).
   SInv:      It lets you see invisible.
 w - a +3 vampiric war axe
 R - a +6 vorpal broad axe
 W - a +8 broad axe of freezing
Missiles
 d - 5 throwing nets (quivered) {!f}
 f - 243 sling bullets
 r - 18 javelins
 H - 11 silver boomerangs
 M - 14 silver javelins
 O - 4 curare-tipped darts
Armour
 e - +12 gold dragon scales (worn)
 k - the +0 cloak of Agoraphobia (worn) {Drain Fly SInv}
   (You acquired it on level 1 of the Elven Halls)

   SInv:      It lets you see invisible.
   Fly:       It grants you flight.
   Drain:     It drains your maximum health when unequipped.
 q - a +0 tower shield of reflection (worn)
 u - a +2 pair of gloves (worn)
 T - the +0 hat "Nyefesof" (worn) {rN++ Str+5 Stlth+}
   (You found it on level 4 of the Vaults)

   Str:       It affects your strength (+5).
   rN:        It greatly protects you from negative energy.
   Stlth:     It makes you more stealthy.
 V - the +3 pair of boots "Okhlemuo" (worn) {rElec rF+++ Int-5 Stlth-}
   (You bought it in a shop on level 6 of the Dungeon)

   Int:       It affects your intelligence (-5).
   rF:        It renders you almost immune to fire.
   rElec:     It insulates you from electricity.
   Stlth:     It makes you less stealthy.
Jewellery
 g - the amulet "Vuora" (around neck) {Reflect +Inv rC- rCorr Dex+4 SH+5}
   (You bought it in a shop on level 5 of the Dungeon)

   [amulet of reflection]

   It reflects blocked missile attacks.
   Dex:       It affects your dexterity (+4).
   rC:        It makes you vulnerable to cold.
   +Inv:      It lets you turn invisible.
   rCorr:     It protects you from acid and corrosion.
   SH:        It affects your SH (+5).
 n - the ring of Rutaz (left hand) {Str+3 Dex+2 Slay+4}
   (You found it on level 2 of the Vaults)

   [ring of slaying]

   Str:       It affects your strength (+3).
   Dex:       It affects your dexterity (+2).
   Slay:      It affects your accuracy & damage with ranged weapons and melee
   (+4).
 Z - the ring of Recklessness (right hand) {rC+ AC+4 Slay+3}
   (You bought it in a shop on level 5 of the Dungeon)

   [ring of protection]

   AC:        It affects your AC (+4).
   Slay:      It affects your accuracy & damage with ranged weapons and melee
   (+3).
   rC:        It protects you from cold.
Wands
 l - a wand of charming (40)
 m - a wand of mindburst (49)
 x - a wand of acid (4)
 G - a wand of polymorph (37)
 K - a wand of flame (150)
 L - a wand of digging (16)
 N - a wand of iceblast (75)
 Q - a wand of paralysis (20)
Scrolls
 s - 20 scrolls of teleportation {@r3}
 t - 10 scrolls of fog
 v - a scroll of holy word
 y - a scroll of enchant armour
 C - 5 scrolls of silence
 J - 4 scrolls of blinking {@r4}
 X - 6 scrolls of summoning
 Y - 7 scrolls of fear
Potions
 c - 4 potions of berserk rage
 h - 7 potions of might {@q3}
 j - 3 potions of resistance
 p - 6 potions of mutation
 z - 9 potions of ambrosia
 A - a potion of cancellation
 B - 12 potions of curing {@q1}
 D - 6 potions of haste
 E - 6 potions of heal wounds
 F - 5 potions of lignification
 S - 2 potions of magic
 U - 4 potions of invisibility
Miscellaneous
 i - a tin of tremorstones (2/2)
 o - a phantom mirror
 I - a condenser vane
 P - a box of beasts


   Skills:
 + Level 25.7 Fighting
 - Level 16.5(18.0) Axes
 - Level 11.8(15.0) Maces & Flails
 - Level 12.4(16.2) Slings
 - Level 14.8(16.0) Throwing
 - Level 16.0 Armour
 - Level 6.0 Dodging
 - Level 4.0 Stealth
 - Level 25.0 Shields
 O Level 27 Invocations
 - Level 12.0 Evocations


You had 26 spell levels left.
You didn't know any spells.
Your spell library contained the following spells:

 Spells                   Type           Power      Damage    Failure   Level
 Animate Skeleton         Necr           0%         N/A       99%         1
 Beastly Appendage        Tmut           0%         N/A       99%         1
 Corona                   Hex            0%         N/A       99%         1
 Freeze                   Ice            0%         1d3       99%         1
 Magic Dart               Conj           0%         1d3       99%         1
 Shock                    Conj/Air       0%         1d3       99%         1
 Summon Small Mammal      Summ           0%         N/A       99%         1
 Blink                    Tloc           N/A        N/A       100%        2
 Corpse Rot               Necr/Air       N/A        N/A       100%        2
 Ensorcelled Hibernation  Hex/Ice        0%         N/A       100%        2
 Passwall                 Tmut/Erth      0%         N/A       100%        2
 Poisonous Vapours        Pois/Air       0%         N/A       100%        2
 Slow                     Hex            0%         N/A       100%        2
 Static Discharge         Conj/Air       0%         N/A       100%        2
 Sublimation of Blood     Necr           0%         N/A       100%        2
 Wereblood                Tmut           0%         N/A       100%        2
 Call Canine Familiar     Summ           0%         N/A       100%        3
 Confusing Touch          Hex            0%         N/A       100%        3
 Conjure Flame            Conj/Fire      0%         6-21      100%        3
 Dazzling Flash           Conj/Hex       0%         N/A       100%        3
 Gell's Gravitas          Tloc           0%         N/A       100%        3
 Ignite Poison            Fire/Tmut/Pois 0%         N/A       100%        3
 Inner Flame              Hex/Fire       0%         N/A       100%        3
 Lesser Beckoning         Tloc           0%         N/A       100%        3
 Mephitic Cloud           Conj/Pois/Air  0%         N/A       100%        3
 Portal Projectile        Hex/Tloc       0%         N/A       100%        3
 Spider Form              Tmut/Pois      0%         N/A       100%        3
 Stone Arrow              Conj/Erth      0%         3d7       100%        3
 Summon Guardian Golem    Hex/Summ       0%         N/A       100%        3
 Swiftness                Air            0%         N/A       100%        3
 Teleport Other           Tloc           0%         N/A       100%        3
 Tukima's Dance           Hex            0%         N/A       100%        3
 Vampiric Draining        Necr           0%         2d6       100%        3
 Airstrike                Air            0%         N/A       100%        4
 Animate Armour           Summ/Erth      0%         N/A       100%        4
 Animate Dead             Necr           0%         N/A       100%        4
 Cause Fear               Hex            0%         N/A       100%        4
 Dispel Undead            Necr           0%         3d6       100%        4
 Fulminant Prism          Conj/Hex       0%         3d6       100%        4
 Hailstorm                Conj/Ice       0%         3d3       100%        4
 Ice Form                 Ice/Tmut       0%         N/A       100%        4
 Iskenderun's Mystic Bla  Conj/Tloc      0%         2d3       100%        4
 Leda's Liquefaction      Hex/Erth       0%         N/A       100%        4
 Passage of Golubria      Tloc           N/A        N/A       100%        4
 Petrify                  Tmut/Erth      0%         N/A       100%        4
 Sticky Flame             Conj/Fire      0%         2d3       100%        4
 Summon Lightning Spire   Summ/Air       0%         N/A       100%        4
 Agony                    Necr           0%         N/A       100%        5
 Blade Hands              Tmut           0%         N/A       100%        5
 Bolt of Magma            Conj/Fire/Erth 0%         4d4       100%        5
 Borgnjor's Vile Clutch   Necr/Erth      0%         N/A       100%        5
 Fireball                 Conj/Fire      0%         3d3       100%        5
 Freezing Cloud           Conj/Ice/Air   0%         6-21      100%        5
 Irradiate                Conj/Tmut      0%         3d13      100%        5
 Iskenderun's Battlesphe  Conj           0%         2d6       100%        5
 Lee's Rapid Deconstruct  Erth           0%         3d5*      100%        5
 Lightning Bolt           Conj/Air       0%         1d11      100%        5
 Manifold Assault         Tloc           0%         N/A       100%        5
 Silence                  Hex/Air        0%         N/A       100%        5
 Yara's Violent Unravell  Hex/Tmut       0%         3d3       100%        5
 Conjure Ball Lightning   Conj/Air       0%         3x3d6     100%        6
 Death Channel            Necr           0%         N/A       100%        6
 Dispersal                Tloc           0%         N/A       100%        6
 Iron Shot                Conj/Erth      0%         9d1       100%        6
 Shadow Creatures         Summ           N/A        N/A       100%        6
 Simulacrum               Ice/Necr       0%         N/A       100%        6
 Starburst                Conj/Fire      0%         6d3       100%        6
 Statue Form              Tmut/Erth      0%         N/A       100%        6
 Haunt                    Necr/Summ      0%         N/A       100%        7
 Malign Gateway           Summ/Tloc      0%         N/A       100%        7
 Orb of Destruction       Conj           0%         N/A       100%        7
 Spellforged Servitor     Conj/Summ      0%         N/A       100%        7
 Storm Form               Tmut/Air       0%         N/A       100%        7
 Borgnjor's Revivificati  Necr           0%         N/A       100%        8
 Discord                  Hex            0%         N/A       100%        8
 Disjunction              Tloc           0%         N/A       100%        8
 Infestation              Necr           0%         N/A       100%        8
 Lehudib's Crystal Spear  Conj/Erth      0%         10d2      100%        8
 Maxwell's Capacitive Co  Air            0%         ∞         100%        8
 Necromutation            Tmut/Necr      0%         N/A       100%        8
 Summon Horrible Things   Summ           0%         N/A       100%        8
 Chain Lightning          Conj/Air       0%         N/A       100%        9
 Death's Door             Necr           0%         N/A       100%        9
 Shatter                  Erth           0%         3d5*      100%        9


Dungeon Overview and Level Annotations

Branches:
Dungeon (15/15)            Temple (0/1) D:6            Lair (6/6) D:10
  Swamp (4/4) Lair:4        Snake (4/4) Lair:2        Slime (5/5) Lair:6
    Orc (2/2) D:11            Elf (3/3) Orc:2        Vaults (5/5) D:13
  Crypt (3/3) Vaults:2       Tomb (0/3) Crypt:3      Depths (5/5) D:15
   Hell (visited)             Zot (5/5) Depths:5    Ossuary (visited)
 Bailey (visited)          WizLab (visited)
    Dis: Hell:1         Geh: Hell:1         Coc: Hell:1         Tar: Hell:1

Altars:
Ashenzari
Dithmenos
Elyvilon
Gozag
Kikubaaqudgha
Makhleb
Okawaru
Ru
Uskayaw
Vehumet
Wu Jian
Xom
Yredelemnul
Beogh
Jiyva

Shops:
D:1 *   D:5 :!=[=   D:6 [   D:8 *   D:11 *   D:14 ?   Orc:2 ([[=*   Snake:1 *?
Snake:2 =::   Depths:3 =?*(((*:   Depths:5 !

Portals:
Hell: Depths:1 Depths:2 Depths:3 Depths:4 Depths:5
Abyss: Depths:1 Depths:3 Depths:4
Pandemonium: Depths:1 Depths:3 Depths:4
Ziggurat: Depths:3

Annotations:
D:15 Roxanne
Snake:1 3 runed translucent doors, exclusion: 3 doors, Setanta's ghost, journeyman GnFi; sektant's ghost, journeyman PaIE
Snake:2 2 runed translucent doors, exclusion: 2 doors, ABBCCCDDDD's ghost, adept DDDe
Elf:3 3 runed translucent doors, Borgoz's ghost, veteran GrBe
Depths:3 exclusions: 2 floating eyes, 2 great orbs of eyes and 1 more exclusion


Innate Abilities, Weirdness & Mutations

You are resistant to damage.
You can heal yourself by infusing magical energy.
You resist negative energy. (rN+)
You passively map a large area around you.
You do not regenerate.
You are frail. (-10% HP)
You are weak. (Str -2)


Message History

There is a stone staircase leading down here.
There is a stone staircase leading up here.
You fly upwards.
There is a stone staircase leading down here.
There is a stone staircase leading up here.
You fly upwards.
There is a stone staircase leading down here.
There is an escape hatch in the ceiling here.
Really go through this one-way escape hatch?
A mysterious force pulls you upwards. The hatch slams shut behind you.
(D) Dungeon (T) Temple (L) Lair (S) Swamp (P) Snake Pit (M) Slime Pits (O) Orcish Mines (E) Elven Halls (V) Vaults (C) Crypt (W) Tomb (U) Depths (H) Hell (Z) Zot
Where to? (Enter - D:1 @ (x,y), ? - help)
What level of the Dungeon? (default 1, ? - help)
There is a stone staircase leading up here.
You fly upwards.
There is a stone staircase leading down here.
An Orb Guardian comes into view.
Aiming: Dig
Press: ? - help, Shift-Dir - straight line You can't see that place. [a rock wall.]
The rock shatters into small pieces.
You slice the Orb Guardian!!
The Orb Guardian is moderately wounded.
You block the Orb Guardian's attack.
You slice the Orb Guardian!!
The Orb Guardian is heavily wounded.
You block the Orb Guardian's attack.
You slice the Orb Guardian!!
The Orb Guardian is almost dead.
You block the Orb Guardian's attack.
You slice the Orb Guardian!!
You kill the Orb Guardian!
Makhleb accepts your kill.
You feel better.
There is a staircase leading out of the dungeon here.
You have escaped!

#♣.♣# #♣....##.#############.##..
♣.♣ ♣....##.#...#.......#.....
#♣.♣# #♣.......#.#.#.#####.#.##..
♣...♣♣♣.....####.#.#...#.#.#.###.
...............#...###.#.#.#.###.
♣...♣♣♣....###.#.#.#...#.#.#.....
#♣.♣# #♣.......#.#.#.###.'.######
♣♣♣ ♣...#...###.#...#.#.# # #♣.♣#
#♣.......#@..#.#.#.########
♣...♣♣♣....##..###...............
...........##..#.#.#.#.#.#.######
.#.............#...#.#...#.#
...##.###..##..#.#.###.###.#
...........##..#.#.#.....#.#
##....####.##..#.#...#####.#
...##.####.##..#...#.......#
...............##################


There were no monsters in sight!

Vanquished Creatures
  6 ancient liches (Zot:5)
  5 orbs of fire
  Mara (Depths:4)
  5 dread liches
  A juggernaut (Zot:4)
  Mennas (Vaults:2)
  Boris (twice) (Crypt:2 Depths:4)
  Margery (Vaults:5)
  3 Killer Klowns
  Xtahua (Crypt:1)
  Saint Roka (Snake:4)
  16 golden dragons
  Geryon (Hell)
  A profane servitor (Crypt:3)
  3 electric golems
  Jorgrun (D:14)
  17 tentacled monstrosities
  7 liches
  3 titans
  An Ice Fiend (D:15)
  29 Orb Guardians
  3 deep elf blademasters
  7 quicksilver dragons
  16 acid blobs
  2 deep elf master archers (Elf:3)
  9 ancient champions
  3 sphinxes
  Murray (Hell)
  11 death cobs
  6 tengu reavers
  Gastronok (Lair:1)
  2 thorn hunters
  7 draconian monks
  10 shadow dragons
  12 storm dragons
  Donald (Snake:3)
  A fenstrider witch (Swamp:2)
  3 revenants
  2 nagarajas
  7 rockslimes
  9 azure jellies
  13 vault wardens
  10 fire giants
  5 deep elf sorcerers
  4 draconian knights
  3 draconian scorchers
  4 orc warlords
  10 frost giants
  An iron dragon (Zot:2)
  12 ghouls
  4 ghost moths
  Louise (Elf:3)
  Aizul (Snake:2)
  2 draconian stormcallers
  3 reapers
  7 deep elf elementalists (Elf:3)
  3 draconian shifters
  22 ironbound preservers
  3 curse skulls
  2 draconian annihilators
  10 quicksilver oozes
  2 war gargoyles
  17 stone giants
  2 spriggan defenders (Depths:5)
  9 vampire knights
  23 very ugly things
  10 black draconians
  3 deep elf demonologists (Elf:3)
  9 green draconians
  11 spark wasps
  A lorocyproca (Hell)
  9 deep elf annihilators
  A bunyip (Swamp:2)
  4 entropy weavers
  13 yellow draconians
  14 red draconians
  8 purple draconians
  6 dire elephants
  9 white draconians
  12 deep elf death magi
  2 eidola
  3 eleionomae
  A blizzard demon (Depths:5)
  16 ettins
  A crystal guardian (Vaults:3)
  2 merfolk impalers (Depths:1)
  24 jiangshi
  3 shambling mangroves
  9 yaktaur captains
  12 great orbs of eyes
  13 fire dragons
  6 rakshasas
  30 hydras
  7 deep elf high priests
  41 vault guards
  9 ice dragons
  A peacekeeper (Vaults:3)
  A quicksilver dragon skeleton (Crypt:1)
  5 spriggan air magi
  Erolcha (Orc:1)
  7 boulder beetles
  10 ironbound thunderhulks
  4 ogre magi
  8 naga warriors
  9 salamander tyrants
  3 catoblepae
  2 hell beasts (Depths:1)
  2 ghost crabs
  8 ironbound frosthearts
  6 centaur warriors
  An anaconda (shapeshifter) (Vaults:5)
  7 death knights
  21 anacondas
  30 dancing weapons
  9 death yaks
  3 two-headed ogres
  12 naga sharpshooters
  6 deep troll shamans
  7 tengu warriors
  7 deep troll earth magi
  Urug (D:13)
  8 alligators
  2 orc high priests
  9 shock serpents
  5 vampire magi
  6 spriggan berserkers
  12 deep elf knights
  8 ironbound beastmasters
  10 hell knights
  3 soul eaters
  A sixfirhy (Depths:3)
  3 iron trolls
  9 salamander mystics
  Nergalle (Orc:1)
  A fire crab (Lair:5)
  5 sea snakes (Snake:1)
  A quicksilver dragon simulacrum (Depths:1)
  5 shadow wraiths
  39 skeletal warriors
  A storm dragon skeleton (Crypt:2)
  7 goliath frogs
  A ghost moth zombie (Crypt:1)
  78 deep trolls
  5 naga ritualists
  A sea snake (shapeshifter) (Vaults:3)
  8 bog bodies
  3 spriggan druids
  A large abomination (Elf:1)
  11 lindwurms
  12 swamp dragons
  6 orc knights
  A bunyip skeleton (Crypt:1)
  9 deep elf archers
  14 wizards
  6 glowing orange brains
  20 ironbound convokers
  A goliath frog zombie (Crypt:2)
  6 flayed ghosts
  An iron dragon zombie (Crypt:2)
  18 deep elf zephyrmancers
  An orange crystal statue (Depths:2)
  13 phantasmal warriors
  19 deep elf pyromancers
  6 mana vipers
  8 harpies (Vaults:2)
  13 necromancers
  51 ugly things
  A golden dragon skeleton (Crypt:1)
  5 oklob plants
  5 orc sorcerers
  A wolf spider (shapeshifter) (Depths:2)
  A fire giant zombie (Crypt:2)
  3 will-o-the-wisps (Swamp:2)
  21 moths of wrath
  A fire giant skeleton (Vaults:2)
  5 shining eyes
  4 cyclopes (D:15)
  A manticore (D:15)
  A manticore (shapeshifter) (D:14)
  4 guardian serpents
  31 salamanders
  2 shadow dragon skeletons
  A frost giant skeleton (Crypt:1)
  A guardian serpent (shapeshifter) (Depths:5)
  A rust devil (Depths:3)
  25 black mambas
  17 naga magi
  An eleionoma skeleton (Crypt:1)
  Joseph (D:9)
  2 eyes of devastation
  A stone giant skeleton (Vaults:2)
  4 elephants (Lair:5)
  A smoke demon (Hell)
  A storm dragon simulacrum (Crypt:1)
  16 cane toads
  4 molten gargoyles
  20 vault sentinels
  A dire elephant skeleton (Hell)
  2 shock serpent skeletons (Crypt:2)
  2 rime drakes
  An emperor scorpion zombie (Crypt:1)
  2 unseen horrors (D:11)
  A grey draconian zombie (Crypt:1)
  A hellion (Depths:3)
  18 komodo dragons
  A golden dragon simulacrum (Crypt:1)
  A tormentor (Hell)
  An efreet (Zot:3)
  14 yaktaurs
  6 freezing wraiths
  2 tengu conjurers
  An elf skeleton (Vaults:2)
  5 kobold demonologists
  3 ice devils
  3 yaktaur skeletons (Vaults:2)
  A jumping spider (Vaults:3)
  A hydra skeleton (Hell)
  8 trolls
  7 tyrant leeches
  8 hornets
  5 dream sheep
  Prince Ribbit (Lair:1)
  26 blink frogs
  A spectral manticore (Crypt:3)
  2 fire giant simulacra
  A snapping turtle (shapeshifter) (Vaults:4)
  86 slime creatures
  A meliai zombie (D:5)
  An ice dragon skeleton (Hell)
  4 small abominations (Crypt:3)
  A stone giant simulacrum (Crypt:3)
  A vampire (D:14)
  6 air elementals (Elf:1)
  7 spriggans
  53 flying skulls (Crypt:3)
  Sigmund (D:6)
  A fire dragon skeleton (Crypt:2)
  A tarantella (Vaults:3)
  5 redbacks
  2 spriggans (shapeshifter)
  7 wyverns
  7 basilisks
  28 fire elementals
  39 yaks
  3 shadows
  4 wraiths
  2 steam dragons (Lair:6)
  8 water elementals
  12 golden eyes
  A death yak simulacrum (D:13)
  9 vampire mosquitoes
  Menkaure (D:4)
  A faun zombie (Crypt:1)
  30 nagas
  11 wargs
  23 swamp worms
  18 water moccasins
  An acid dragon (D:9)
  3 hell hounds (Lair:6)
  8 swamp drakes
  A cane toad skeleton (Crypt:1)
  A manticore zombie (Crypt:1)
  3 snapping turtle zombies (Crypt:1)
  3 black bears
  An ettin simulacrum (Crypt:2)
  42 orc warriors
  12 necrophages
  A wolf (Lair:4)
  12 ogres
  14 centaurs
  A manticore skeleton (Crypt:1)
  2 phantoms (D:6)
  A swamp dragon skeleton (Crypt:2)
  4 elf zombies (Elf:1)
  8 kobold brigands
  11 bullfrogs
  4 wyvern zombies
  A two-headed ogre simulacrum (D:13)
  3 water moccasin zombies
  A yaktaur zombie (Crypt:2)
  3 human skeletons (Vaults:2)
  A cane toad simulacrum (Crypt:3)
  4 killer bees (D:9)
  8 wights
  4 electric eels
  A howler monkey (D:8)
  An elephant simulacrum (D:13)
  A wolf skeleton (Crypt:1)
  5 lava snakes (Lair:6)
  10 centaur zombies
  27 orc priests
  9 hounds
  2 jellies
  7 bullfrog zombies
  A bullfrog skeleton (D:6)
  A gnoll shaman (D:6)
  3 iron imps (D:4)
  Jessica (D:2)
  2 centaur skeletons
  A demonspawn skeleton (Crypt:2)
  Natasha (thrice) (D:3)
  4 iguanas
  31 orc wizards
  Terence (D:3)
  A spriggan simulacrum (D:13)
  A troll simulacrum (D:13)
  A wolf simulacrum (D:13)
  4 killer bee zombies (Ossuary)
  A naga zombie (Hell)
  A hound zombie (Crypt:2)
  A hound skeleton (D:4)
  11 mummies (Ossuary)
  A howler monkey skeleton (Crypt:2)
  5 howler monkey zombies
  Robin (D:3)
  2 naga simulacra (D:13)
  5 adders
  A steam dragon zombie (Crypt:1)
  2 shadow imps
  5 white imps
  2 ufetubi
  2 worms
  2 dart slugs
  105 orcs
  5 bats
  8 endoplasms
  3 giant cockroaches
  18 goblins
  12 hobgoblins
  38 kobolds
  4 quokkas
  5 ball pythons
  4 frilled lizards
  An orc skeleton (Crypt:2)
  An orc zombie (Crypt:1)
  6 rats
  A rat skeleton (Crypt:2)
  A rat zombie (Crypt:1)
  A plant (Lair:5)
2514 creatures vanquished.

Vanquished Creatures (collateral kills)
  the Royal Jelly (Slime:5)
1 creature vanquished.

Vanquished Creatures (others)
  A storm dragon (Zot:2)
  2 salamander tyrants
  A vault guard (Vaults:4)
  An alligator (Swamp:1)
  A bog body (Swamp:2)
  A spriggan druid (Swamp:4)
  3 wizards
  A deep elf zephyrmancer (Elf:1)
  A guardian serpent (Snake:4)
  4 bloated husks
  A tyrant leech (Swamp:2)
  A spriggan (Swamp:2)
  A naga (Snake:3)
  An acid dragon (Zot:2)
  A swamp drake (Swamp:2)
  An orc wizard (D:12)
  2 briar patches (Swamp:1)
  2 bushes (Lair:5)
  16 foxfires (Swamp:2)
  15 fungi
  45 plants
  9 withered plants
111 creatures vanquished.

Grand Total: 2626 creatures vanquished

Notes
Turn   | Place    | Note
-------+----------+-------------------------------------------
     0 | D:1      | PanSaczeczos the Deep Dwarf Gladiator began the quest for
                  | the Orb.
     0 | D:1      | Reached XP level 1. HP: 19/19 MP: 1/1
   281 | D:1      | Reached XP level 2. HP: 27/27 MP: 2/2
   291 | D:1      | Found a faded altar of an unknown god.
   451 | D:1      | Found Mizxiril's General Store.
  1025 | D:1      | You fall into a shaft and drop 1 floor!
  1105 | D:2      | Reached skill level 1 in Stealth
  1105 | D:2      | Reached XP level 3. HP: 34/34 MP: 3/3
  1123 | D:2      | Noticed Jessica
  1366 | D:1      | Bought a +0 ring mail for 52 gold pieces
  1423 | D:2      | Killed Jessica
  1759 | D:2      | Reached XP level 4. HP: 42/42 MP: 4/4
  2337 | D:3      | Noticed Terence
  2345 | D:3      | Killed Terence
  2346 | D:3      | Reached skill level 1 in Maces & Flails
  2346 | D:3      | Reached XP level 5. HP: 50/50 MP: 5/5
  2546 | D:3      | Noticed Robin
  2683 | D:3      | Killed Robin
  2855 | D:3      | Noticed Natasha
  2869 | D:3      | Killed Natasha
  2870 | D:3      | Reached skill level 1 in Armour
  2987 | D:3      | Noticed Natasha
  3024 | D:3      | Killed Natasha
  4059 | D:3      | Noticed Natasha
  4073 | D:3      | Killed Natasha
  4167 | D:4      | Found a sand-covered staircase.
  4172 | Ossuary  | Entered an ossuary
  4181 | Ossuary  | Reached XP level 6. HP: 55/57 MP: 6/6
  4294 | Ossuary  | Reached skill level 5 in Fighting
  4294 | Ossuary  | Reached XP level 7. HP: 31/67 MP: 7/7
  4527 | Ossuary  | Reached skill level 5 in Maces & Flails
  4532 | Ossuary  | HP: 16/69 [killer bee zombie (4)]
  4553 | Ossuary  | HP: 11/69 [mummy (15)]
  4569 | Ossuary  | Reached XP level 8. HP: 25/76 MP: 6/6
  4609 | Ossuary  | HP: 17/76 [water moccasin zombie (3)]
  4815 | D:4      | Found a burning altar of Makhleb.
  4851 | D:4      | Became a worshipper of Makhleb the Destroyer
  4955 | D:4      | Noticed Menkaure
  4964 | D:4      | Killed Menkaure
  4965 | D:4      | Reached skill level 2 in Invocations
  5056 | D:4      | Reached skill level 3 in Invocations
  5575 | D:5      | Entered Level 5 of the Dungeon
  5575 | D:5      | Found Vofra's Armour Emporium.
  5587 | D:5      | Found Mutyaj's Jewellery Emporium.
  5736 | D:5      | Found a broken altar of Ashenzari.
  5768 | D:5      | Bought a +1 buckler of protection for 231 gold pieces
  5818 | D:5      | Reached skill level 4 in Invocations
  5834 | D:5      | Reached skill level 1 in Shields
  5844 | D:5      | HP: 20/80 [meliai zombie (2)]
  5903 | D:5      | Found Tepp's Distillery.
  5941 | D:5      | Found Seidehad's Book Shoppe.
  6239 | D:5      | Reached skill level 5 in Invocations
  6255 | D:5      | Found Qianeod's Jewellery Boutique.
  6515 | D:6      | Gained mutation: You passively map the area around you.
                  | [Deep Dwarf growth]
  6515 | D:6      | Reached XP level 9. HP: 56/86 MP: 9/9
  6634 | D:6      | Found a staircase to the Ecumenical Temple.
  6729 | D:6      | Found Fam Vub's Armour Boutique.
  6789 | D:6      | Reached skill level 6 in Invocations
  6836 | D:6      | Reached * piety under Makhleb
  7158 | D:6      | Noticed Sigmund
  7164 | D:6      | Killed Sigmund
  7397 | D:6      | Reached skill level 7 in Invocations
  7438 | D:6      | Reached skill level 8 in Invocations
  7769 | D:7      | Reached skill level 9 in Invocations
  8239 | D:7      | Noticed a troll
  8249 | D:7      | Killed a troll
  8390 | D:7      | Reached skill level 10 in Invocations
  8397 | D:7      | Reached ** piety under Makhleb
  8476 | D:6      | Reached XP level 10. HP: 77/96 MP: 14/14
  8963 | D:8      | Found Satt's Changing Room.
  9692 | D:8      | Found a sacrificial altar of Ru.
  9692 | D:8      | Found a shimmering altar of Xom.
  9693 | D:8      | Found an ornate altar of the Wu Jian Council.
 10016 | D:1      | Bought a scroll of blinking for 97 gold pieces
 10445 | D:9      | Found an iron altar of Okawaru.
 10486 | D:9      | Noticed Joseph
 10514 | D:9      | Killed Joseph
 10515 | D:9      | Reached skill level 1 in Evocations
 10737 | D:9      | Noticed a two-headed ogre
 10743 | D:9      | Killed a two-headed ogre
 10863 | D:9      | Reached *** piety under Makhleb
 11641 | D:10     | Entered Level 10 of the Dungeon
 11658 | D:10     | You fall into a shaft and drop 3 floors!
 11658 | D:13     | Noticed a tengu warrior
 11675 | D:13     | Killed a tengu warrior
 11676 | D:13     | Reached skill level 11 in Invocations
 11712 | D:12     | Noticed a gargoyle
 11973 | D:11     | Found a flagged portal.
 12024 | Bailey   | Entered a bailey
 12024 | Bailey   | Noticed an orc knight
 12024 | Bailey   | Noticed an orc knight
 12088 | D:11     | Reached skill level 12 in Invocations
 12088 | D:11     | Reached XP level 11. HP: 62/106 MP: 15/17
 12277 | D:11     | Found Lotif's Assorted Antiques.
 12880 | D:10     | Found a staircase to the Lair.
 12891 | D:10     | Noticed a two-headed ogre
 12921 | D:10     | Killed a two-headed ogre
 12922 | D:10     | Reached skill level 10 in Fighting
 13184 | D:10     | Reached **** piety under Makhleb
 13191 | D:10     | Reached skill level 5 in Armour
 13275 | Lair:1   | Entered Level 1 of the Lair of Beasts
 13473 | Lair:1   | Noticed Gastronok
 13499 | Lair:1   | Killed Gastronok
 13529 | Lair:1   | Noticed Prince Ribbit
 13547 | Lair:1   | Killed Prince Ribbit
 14067 | Lair:1   | Noticed an oklob plant
 14067 | Lair:1   | Noticed an oklob plant
 14067 | Lair:1   | Noticed a seven-headed hydra
 14475 | Lair:2   | Noticed a six-headed hydra
 14487 | Lair:1   | Reached skill level 1 in Slings
 14538 | Lair:2   | Reached XP level 12. HP: 67/120 MP: 18/18
 14835 | Lair:2   | Killed a six-headed hydra
 14836 | Lair:2   | Reached skill level 5 in Slings
 15122 | Lair:2   | Identified the +1 plate armour of the Shrike {Fly Regen+
                  | Slay+4 Stlth+}
 15264 | Lair:2   | Found a staircase to the Snake Pit.
 15922 | Lair:3   | Reached skill level 10 in Maces & Flails
 15999 | Lair:3   | Noticed a catoblepas
 16022 | Lair:3   | Killed a catoblepas
 16109 | Lair:3   | Found a shadowy altar of Dithmenos.
 16634 | Lair:4   | Noticed a boulder beetle
 16643 | Lair:4   | Killed a boulder beetle
 16644 | Lair:4   | Reached skill level 13 in Invocations
 16815 | Lair:4   | Noticed a death yak
 16815 | Lair:4   | Noticed a death yak
 16826 | Lair:4   | Noticed a death yak
 16827 | Lair:4   | Noticed a death yak
 16830 | Lair:4   | Noticed a death yak
 16859 | Lair:3   | Killed a death yak
 16988 | Lair:3   | Killed a death yak
 17039 | Lair:3   | Killed a death yak
 17085 | Lair:3   | Killed a death yak
 17100 | Lair:3   | Reached XP level 13. HP: 92/129 MP: 19/19
 17321 | Lair:4   | Found a staircase to the Swamp.
 17584 | Lair:4   | Reached ***** piety under Makhleb
 17742 | Lair:4   | Reached skill level 14 in Invocations
 18355 | Lair:5   | Reached skill level 15 in Invocations
 18710 | Lair:5   | Reached skill level 5 in Axes
 19073 | Lair:6   | Entered Level 6 of the Lair of Beasts
 19472 | Lair:5   | HP: 29/130 [six-headed hydra (7)]
 19474 | Lair:5   | Gained mutation: You resist negative energy. (rN+) [Deep
                  | Dwarf growth]
 19474 | Lair:5   | Reached XP level 14. HP: 35/139 MP: 22/22
 19477 | Lair:5   | HP: 30/139 [death yak (5)]
 19510 | Lair:5   | HP: 31/139 [death yak (10)]
 19511 | Lair:5   | HP: 15/139 [death yak (16)]
 20064 | D:6      | Bought the +3 pair of boots "Okhlemuo" {rElec rF+++ Int-5
                  | Stlth-} for 792 gold pieces
 20331 | Lair:6   | Found a large runed translucent door.
 20332 | Lair:6   | Found a large runed translucent door.
 20430 | Lair:6   | Reached skill level 10 in Axes
 20966 | Lair:6   | Reached ****** piety under Makhleb
 21287 | D:11     | Found a staircase to the Orcish Mines.
 22105 | Orc:1    | Entered Level 1 of the Orcish Mines
 22111 | Orc:1    | Noticed Nergalle
 22121 | Orc:1    | Killed Nergalle
 22384 | Orc:2    | Entered Level 2 of the Orcish Mines
 22567 | Orc:2    | Noticed an orc warlord
 22605 | Orc:2    | Killed an orc warlord
 22649 | Orc:2    | Found Tizal's Assorted Antiques.
 22735 | Orc:2    | Found Udautt's Antique Armour Shop.
 22771 | Orc:2    | Found Jamoxaish's Jewellery Boutique.
 22912 | Orc:2    | Found a staircase to the Elven Halls.
 23106 | Orc:1    | Noticed Erolcha
 23106 | Orc:1    | Noticed an orc warlord
 23232 | Orc:2    | Noticed an orc warlord
 23240 | Orc:2    | HP: 32/141 [orc priest/divine providence (7)]
 23243 | Orc:2    | HP: 5/141 [orc priest/divine providence (12)]
 23436 | Orc:1    | Reached skill level 5 in Evocations
 23495 | Orc:2    | Killed an orc warlord
 23529 | Orc:2    | Found Xefof's Antique Armour Shop.
 23542 | Orc:2    | Found Gunally's Antique Weapon Boutique.
 23815 | Orc:2    | Killed an orc warlord
 23882 | Orc:1    | Killed Erolcha
 23961 | Orc:1    | Reached XP level 15. HP: 148/148 MP: 21/21
 24384 | D:13     | Found a gate to the Vaults.
 24440 | D:13     | Noticed Urug
 24452 | D:13     | Killed Urug
 24724 | D:13     | Reached skill level 16 in Invocations
 24830 | D:13     | Reached skill level 5 in Dodging
 25295 | D:14     | Noticed Jorgrun
 25319 | D:14     | Killed Jorgrun
 25562 | D:14     | Reached skill level 5 in Shields
 25564 | D:14     | Found Loestiwathra's Magic Scroll Shoppe.
 25572 | D:14     | Bought a scroll of blinking for 97 gold pieces
 25953 | D:15     | Entered Level 15 of the Dungeon
 25953 | D:15     | Identified Roxanne's Compendium of Transformation
 25953 | D:15     | Noticed Roxanne
 26252 | D:15     | Noticed a fire giant
 26254 | D:15     | Found a staircase to the Depths.
 26268 | D:15     | Killed a fire giant
 27215 | Snake:1  | Entered Level 1 of the Snake Pit
 27231 | Snake:1  | Found Micak's General Store.
 27298 | Snake:1  | Reached skill level 17 in Invocations
 27433 | Snake:1  | Found Vusets's Magic Scroll Shoppe.
 27486 | Snake:1  | Reached XP level 16. HP: 159/159 MP: 23/23
 27650 | Snake:1  | Found a runed translucent gate.
 27650 | Snake:1  | Found a runed translucent gate.
 27650 | Snake:1  | Found a runed translucent gate.
 28234 | Snake:1  | Noticed sektant's ghost (journeyman PaIE)
 28235 | Snake:1  | Noticed Setanta's ghost (journeyman GnFi)
 28670 | Snake:2  | Found a large runed translucent door.
 28670 | Snake:2  | Found a large runed translucent door.
 28671 | Snake:2  | Noticed ABBCCCDDDD's ghost (adept DDDe)
 28971 | Snake:2  | Noticed Aizul
 29027 | Snake:2  | Killed Aizul
 29119 | Snake:2  | HP: 26/160 [naga (17)]
 29126 | Snake:2  | HP: 32/160 [naga sharpshooter/bolt (9)]
 29211 | Snake:2  | Found Abekh's Jewellery Boutique.
 29211 | Snake:2  | Found Rexooxibb's Book Shoppe.
 29212 | Snake:2  | Found Qum Ysof's Book Shoppe.
 29725 | Snake:3  | Reached skill level 18 in Invocations
 29843 | Snake:3  | Reached skill level 15 in Fighting
 29987 | Snake:3  | Noticed Donald
 30778 | Snake:3  | Killed Donald
 30779 | Snake:3  | Reached XP level 17. HP: 153/170 MP: 25/25
 30856 | Snake:4  | Entered Level 4 of the Snake Pit
 30895 | Snake:4  | Reached skill level 10 in Shields
 31016 | Snake:4  | Noticed Saint Roka
 31058 | Snake:4  | Killed Saint Roka
 31231 | Snake:4  | Reached skill level 15 in Axes
 31602 | Snake:4  | Identified the +5 scale mail of Xom's Righteous Fury
                  | {Regen+}
 32208 | Snake:4  | Got a serpentine rune of Zot
 32604 | D:5      | Bought the ring of Recklessness {rC+ AC+4 Slay+3} for 813
                  | gold pieces
 32794 | Swamp:1  | Entered Level 1 of the Swamp
 33799 | Swamp:2  | Gained mutation: You passively map a large area around you.
                  | [Deep Dwarf growth]
 33799 | Swamp:2  | Reached XP level 18. HP: 163/181 MP: 26/26
 34224 | Swamp:2  | Identified a scroll of acquirement
 34230 | Swamp:2  | Acquired 934 gold pieces
 34707 | Swamp:3  | Identified the +3 leather armour of the Armadillo {rPois
                  | MP+9 Str+5}
 35171 | Swamp:4  | Entered Level 4 of the Swamp
 35699 | Swamp:4  | Noticed a tentacled monstrosity
 35719 | Swamp:4  | Killed a tentacled monstrosity
 35943 | Swamp:4  | Got a decaying rune of Zot
 36498 | Vaults:1 | Entered Level 1 of the Vaults
 37268 | Vaults:1 | Reached XP level 19. HP: 189/189 MP: 27/27
 37759 | Vaults:1 | Identified the +4 chain mail of Fiv Ruonn {+Inv Int+5 Dex+5
                  | Stlth-}
 38135 | Vaults:2 | Reached skill level 19 in Invocations
 38586 | Vaults:2 | Noticed Mennas
 38612 | Vaults:2 | Killed Mennas
 38613 | Vaults:2 | Reached skill level 5 in Throwing
 39187 | Vaults:2 | Found a transporter.
 39223 | Vaults:2 | Found a transporter.
 39453 | Vaults:2 | Found a staircase to the Crypt.
 39505 | Vaults:2 | You fall into a shaft and drop 1 floor!
 40114 | Vaults:3 | Reached skill level 10 in Armour
 40128 | Vaults:3 | Reached XP level 20. HP: 134/200 MP: 28/28
 40459 | Vaults:3 | Reached skill level 10 in Slings
 41515 | Vaults:4 | Reached skill level 15 in Shields
 41523 | Vaults:4 | Reached skill level 20 in Invocations
 41758 | Vaults:4 | Identified the +0 hat "Nyefesof" {rN++ Str+5 Stlth+}
 41765 | Vaults:4 | Found a radiant altar of Vehumet.
 41781 | Vaults:4 | Identified the +2 robe of Ilaines {rC+}
 43009 | Vaults:2 | Identified the ring "Xumud" {rPois rF++ Will+ rCorr Str-4
                  | Int+4}
 43018 | Vaults:2 | Identified the ring of Rutaz {Str+3 Dex+2 Slay+4}
 43359 | Elf:1    | Entered Level 1 of the Elven Halls
 43364 | Elf:1    | Paralysed by an air elemental for 1 turns
 43407 | Elf:1    | Reached XP level 21. HP: 210/210 MP: 30/30
 43692 | Elf:1    | Paralysed by an air elemental for 1 turns
 43709 | Elf:1    | Identified the +6 hunting sling "Yhyllaish" {vorpal, rF-
                  | Will+ Int+9}
 43858 | Elf:1    | Got the Catalogue of Fatigue
 43972 | Elf:1    | Acquired the +0 cloak of Agoraphobia {Drain Fly SInv}
 44206 | Elf:1    | Identified the +1 short sword of Ibunkoch {speed, rC- rCorr
                  | Str-2 Int+10}
 44765 | Elf:2    | Found a runed translucent gate.
 44765 | Elf:2    | Found a runed translucent gate.
 44766 | Elf:2    | Found a runed translucent gate.
 44990 | Elf:3    | Entered Level 3 of the Elven Halls
 45000 | Elf:3    | Found a portal to a secret trove of treasure.
 45534 | Elf:3    | Found a runed translucent gate.
 45534 | Elf:3    | Found a runed translucent gate.
 45535 | Elf:3    | Found a runed translucent gate.
 45537 | Elf:3    | Noticed Borgoz's ghost (veteran GrBe)
 45589 | Elf:3    | Noticed Louise
 45662 | Elf:3    | Killed Louise
 46766 | Elf:3    | Identified the ring of Dapsomyi {Str+6 Stlth+}
 46774 | Elf:3    | Identified the +2 scimitar "Gueg" {venom, Fragile rElec
                  | Will+++ MP+9}
 46774 | Elf:3    | Identified the +0 robe of Suom {Will+ Str+2 Int+7}
 47091 | Elf:3    | Found the +8 trident of the Octopus King {venom, rElec
                  | rPois Will+}
 47097 | Elf:3    | Got Sif Muna's Tome of the Doomed Frostbite
 47111 | Elf:3    | Identified the +4 shortbow "Meiwkoicez" {vorpal, Fly Int+3
                  | Dex-3}
 47907 | Crypt:1  | Entered Level 1 of the Crypt
 48046 | Crypt:1  | Found a magical portal.
 48055 | WizLab   | Entered Doroklohe's Tomb
 48287 | WizLab   | HP: 51/211 [reaper (7)]
 49167 | Crypt:1  | HP: 53/212 [skeletal warrior[a skeletal warrior] (13)]
 49555 | Crypt:1  | Noticed a dread lich
 49561 | Crypt:1  | Reached skill level 10 in Throwing
 49576 | Crypt:1  | Killed a dread lich
 49577 | Crypt:1  | Reached skill level 21 in Invocations
 49577 | Crypt:1  | Reached XP level 22. HP: 102/220 MP: 28/28
 49794 | Crypt:1  | HP: 43/220 [ancient champion/iron shot (31)]
 49858 | Crypt:1  | HP: 53/220 [reaper (15)]
 49937 | Crypt:1  | HP: 55/222 [death knight (16)]
 49958 | Crypt:1  | HP: 45/222 [phantasmal warrior (11)]
 49964 | Crypt:1  | HP: 46/222 [emperor scorpion zombie[a necromancer] (3)]
 49970 | Crypt:1  | HP: 54/222 [snapping turtle zombie[a necromancer] (10)]
 49978 | Crypt:1  | HP: 34/222 [vampire knight (3)]
 50810 | Crypt:2  | HP: 42/222 [phantasmal warrior[a death knight] (22)]
 50861 | Crypt:2  | HP: 55/222 [death knight (16)]
 50866 | Crypt:2  | HP: 18/222 [mirror damage (21)]
 50872 | Crypt:2  | HP: 45/222 [flayed ghost/flay_damage[a death knight] (10)]
 51057 | Crypt:2  | Noticed Xtahua
 51062 | Crypt:2  | HP: 51/222 [??? (24)]
 51180 | Crypt:1  | HP: 47/222 [Xtahua (4)]
 51186 | Crypt:1  | Killed Xtahua
 51346 | Crypt:2  | HP: 46/222 [ghoul (10)]
 51409 | Crypt:2  | HP: 52/222 [shadow dragon skeleton (1)]
 51897 | Crypt:2  | Noticed Boris
 51910 | Crypt:2  | HP: 32/223 [Boris/iron shot (75)]
 51916 | Crypt:2  | Killed Boris
 52028 | Crypt:2  | Found a basalt altar of Yredelemnul.
 52197 | Crypt:3  | Entered Level 3 of the Crypt
 52479 | Crypt:3  | Found an ancient bone altar of Kikubaaqudgha.
 52497 | Crypt:3  | Reached skill level 22 in Invocations
 52922 | Crypt:3  | Got Kikubaaqudgha's Grimoire of Stolen Souls
 53018 | Crypt:3  | Identified the +2 quarterstaff "Beetlebane" {antimagic,
                  | rN++ rCorr Str-5 Stlth+}
 53117 | Crypt:3  | Reached XP level 23. HP: 104/232 MP: 29/29
 53390 | Crypt:3  | HP: 49/232 [death knight (19)]
 53395 | Crypt:3  | HP: 38/232 [mirror damage (1)]
 53515 | Crypt:3  | HP: 27/232 [death knight (11)]
 53537 | Crypt:3  | Acquired 534 gold pieces
 53565 | Crypt:3  | HP: 49/232 [profane servitor (12)]
 53643 | Crypt:3  | Found a staircase to the Tomb.
 53693 | Crypt:3  | Identified the ring "Lipeb" {rN+ Str+8 Dex+3}
 53693 | Crypt:3  | Identified the ring of Idealism {rPois rN+}
 53693 | Crypt:3  | Identified the ring "Ynaap" {rN+ Will++}
 54006 | Depths:1 | Entered Level 1 of the Depths
 54109 | Depths:1 | Found a one-way gate to the infinite horrors of the Abyss.
 54376 | Depths:1 | Found a gateway to Hell.
 54494 | Depths:1 | Found a shadowy altar of Dithmenos.
 54918 | Depths:1 | Reached skill level 23 in Invocations
 55165 | Depths:1 | Found a one-way gate leading to the halls of Pandemonium.
 55912 | Depths:2 | Found an iron altar of Okawaru.
 56258 | Depths:2 | Identified the +1 ring mail of Egalitarianism {SInv}
 56492 | Depths:3 | Found an opulent altar of Gozag.
 56546 | Depths:3 | Found Gozag's Assorted Antiques.
 56548 | Depths:3 | Found Gozag's Antique Weapon Boutique.
 56550 | Depths:3 | Found Gozag's Antique Weapon Shop.
 56838 | Depths:3 | Found Ataemewk's Antique Weapon Shop.
 56926 | Depths:3 | Found Rotessigg's Assorted Antiques.
 56963 | Depths:3 | Found a gateway to a ziggurat.
 57108 | Depths:3 | Found Eleuhan's Book Boutique.
 57113 | Depths:3 | Bought a manual of Armour for 1600 gold pieces
 57144 | Depths:3 | Found a hide-covered altar of Uskayaw.
 57246 | Depths:3 | Reached XP level 24. HP: 243/243 MP: 28/28
 57342 | Depths:3 | Found Pagirhob's Magic Scroll Shop.
 57349 | Depths:3 | Bought 2 scrolls of enchant armour for 285 gold pieces
 57361 | Depths:3 | Found Hixyoj's Jewellery Shoppe.
 57891 | Depths:4 | Found a white marble altar of Elyvilon.
 57951 | Depths:4 | Noticed Mara
 57964 | Depths:4 | Noticed PanSaczeczos's illusion
 57971 | Depths:4 | Killed Mara
 58436 | Depths:4 | Identified the +12 fustibalus "Ovufeyny" {vorpal, rC+++
                  | MP-9 Dex+3 SInv}
 58725 | Depths:4 | Noticed Boris
 58739 | Depths:4 | Killed Boris
 58806 | Depths:4 | Reached skill level 24 in Invocations
 59115 | Depths:5 | Entered Level 5 of the Depths
 59658 | Depths:5 | Found a gate to the Realm of Zot.
 60496 | Depths:5 | Found Icaxide's Distillery.
 60559 | Depths:5 | Bought a potion of heal wounds for 75 gold pieces
 60559 | Depths:5 | Bought a potion of resistance for 150 gold pieces
 61043 | D:5      | Bought the amulet "Vuora" {Reflect +Inv rC- rCorr Dex+4
                  | SH+5} for 663 gold pieces
 61273 | Hell     | Entered the Vestibule of Hell
 61273 | Hell     | Noticed Geryon
 61273 | Hell     | Noticed Murray
 61300 | Hell     | HP: 46/246 [??? (18)]
 61349 | Hell     | Killed Murray
 61367 | Hell     | Reached XP level 25. HP: 227/254 MP: 27/27
 61370 | Hell     | Killed Geryon
 61647 | Elf:3    | You paid a toll of the horn of Geryon to enter a treasure
                  | trove
 61648 | Trove    | Entered a treasure trove
 61668 | Trove    | Got Siafeen's Reference Book on Cloudy Shape Shifting
 61670 | Trove    | Got Sif Muna's Reference Book on Damaging Heat
 61672 | Trove    | Got Sif Muna's Papyrus of Mutagenic Flight
 61690 | Trove    | Identified the ring of Xom's Flight of Fancy {*Corrode
                  | rElec rC+ rN+ Will+}
 61740 | Elf:3    | Reached XP level 26. HP: 164/262 MP: 27/27
 61741 | Elf:3    | Reached XP level 27. HP: 170/271 MP: 27/27
 61760 | Elf:3    | Acquired 912 gold pieces
 62451 | Snake:1  | Bought 4 silver boomerangs for 84 gold pieces
 64203 | Lair:6   | Found a staircase to the Slime Pits.
 64335 | Slime:1  | Entered Level 1 of the Pits of Slime
 64568 | Slime:5  | Entered Level 5 of the Pits of Slime
 64945 | Slime:5  | Reached skill level 15 in Armour
 65090 | Slime:5  | Found a viscous altar of Jiyva.
 65179 | Slime:5  | Noticed the Royal Jelly
 65186 | Slime:5  | Killed the Royal Jelly
 65741 | Slime:5  | Got a slimy rune of Zot
 65747 | Slime:5  | Identified the amulet of Circularity {Acrobat rF+ rC+++
                  | rCorr Str-5}
 65770 | Slime:5  | Identified the +6 quarterstaff of Xunum {vorpal, *Slow
                  | rElec Str+2}
 65781 | Slime:5  | Identified the +7 great mace of Bustiloc {elec, +Rage rC+
                  | Str+3}
 65788 | Slime:5  | Found the ring of the Octopus King
 65794 | Slime:5  | Identified a ring of the Octopus King {rF+ AC+1 EV+1 Str+1
                  | Int+1 Dex+1}
 65809 | Slime:5  | Identified the ring "Xaqaj" {Will+ rCorr MP+9}
 65810 | Slime:5  | Identified the +10 fustibalus "Joguzxur" {vorpal, rF+ Will+
                  | Dex+2}
 65830 | Slime:5  | Identified the +1 robe of Qazlal's Condemnation {Int+2
                  | Dex+4 Archmagi}
 66929 | Depths:5 | Bought a potion of mutation for 120 gold pieces
 67300 | D:5      | Bought a potion of mutation for 96 gold pieces
 67300 | D:5      | Bought a potion of mutation for 96 gold pieces
 67475 | Snake:1  | Bought a scroll of blinking for 112 gold pieces
 67475 | Snake:1  | Bought a scroll of fear for 52 gold pieces
 67475 | Snake:1  | Bought a scroll of blinking for 112 gold pieces
 67859 | Vaults:5 | Entered Level 5 of the Vaults
 67874 | Vaults:4 | Reached skill level 25 in Invocations
 67931 | Vaults:5 | Noticed a dread lich
 67988 | Vaults:4 | Killed a dread lich
 67989 | Vaults:4 | Reached skill level 10 in Evocations
 68585 | Vaults:5 | Noticed a dread lich
 68608 | Vaults:5 | Killed a dread lich
 68613 | Vaults:5 | Identified the ring "Remunabb" {*Corrode rF+ rC- rN+++
                  | Dex+4}
 68618 | Vaults:5 | Noticed Margery
 68633 | Vaults:5 | Killed Margery
 68792 | Vaults:5 | Identified the +1 plate armour of the Tuna {Int+8}
 68840 | Vaults:5 | Found the +9 sword of Zonguldrok {reap}
 69081 | Vaults:5 | Found the +8 whip "Snakebite" {venom, curare, rPois}
 69526 | Vaults:5 | Got a silver rune of Zot
 69866 | D:14     | Bought a scroll of teleportation for 39 gold pieces
 69866 | D:14     | Bought a scroll of summoning for 123 gold pieces
 69866 | D:14     | Bought a scroll of magic mapping for 45 gold pieces
 69866 | D:14     | Bought a scroll of enchant weapon for 97 gold pieces
 69866 | D:14     | Bought a scroll of teleportation for 39 gold pieces
 70057 | Snake:1  | Bought 12 sling bullets for 84 gold pieces
 70057 | Snake:1  | Bought a scroll of enchant weapon for 105 gold pieces
 70057 | Snake:1  | Bought a potion of resistance for 140 gold pieces
 70375 | Zot:1    | Entered Level 1 of the Realm of Zot
 70782 | Zot:1    | Reached skill level 26 in Invocations
 71407 | Zot:2    | Noticed an orb of fire
 71425 | Zot:1    | Killed an orb of fire
 72970 | Zot:2    | Identified the +7 mace "Fesas" {vorpal, rC++ rCorr}
 73699 | Zot:2    | Reached skill level 27 in Invocations
 75812 | Zot:4    | Noticed a juggernaut
 75812 | Zot:4    | a Killer Klown changed into a juggernaut
 75826 | Zot:4    | Killed a juggernaut
 76142 | Zot:5    | Entered Level 5 of the Realm of Zot
 77608 | Zot:5    | Noticed an orb of fire
 77613 | Zot:5    | Killed an orb of fire
 78481 | Zot:5    | Noticed an orb of fire
 78668 | Zot:5    | Killed an orb of fire
 78668 | Zot:5    | Noticed a dread lich
 78677 | Zot:5    | Killed a dread lich
 78766 | Zot:5    | Noticed an ancient lich
 78769 | Zot:5    | Noticed an orb of fire
 78782 | Zot:5    | Gained mutation: You are weak. (Str -2) [an orb of fire]
 78785 | Zot:5    | Gained mutation: You are frail. (-10% HP) [an orb of fire]
 78787 | Zot:5    | Killed an orb of fire
 79036 | Zot:5    | Noticed an ancient lich
 79040 | Zot:5    | Noticed an orb of fire
 79068 | Zot:5    | Killed an ancient lich
 79203 | Zot:5    | Killed an ancient lich
 79446 | Zot:5    | Killed an orb of fire
 79465 | Zot:5    | Noticed an ancient lich
 79482 | Zot:5    | Killed an ancient lich
 79504 | Zot:5    | Noticed an ancient lich
 79513 | Zot:5    | Killed an ancient lich
 79525 | Zot:5    | Noticed an ancient lich
 79535 | Zot:5    | Killed an ancient lich
 79962 | Zot:5    | Noticed an ancient lich
 80155 | Zot:5    | Killed an ancient lich
 80323 | Zot:5    | Noticed a dread lich
 80330 | Zot:5    | Killed a dread lich
 80800 | Zot:5    | Got the Orb of Zot
 81313 | D:$      | Escaped with the Orb!

Illustrated notes

Levels and vault maps discovered:
D:1:      onia_arrival_mini_maze, layout_basic, serial_shops, shop,
          chequers_ecumenical_altar_simple, minmay_stone_trees_large,
          chequers_serial_rivers_small_b
D:2:      layout_basic, serial_forest, infiniplex_forest_straight_2,
          infiniplex_forest_lined_room_2, infiniplex_forest_clump_C,
          infiniplex_forest_straight_4, infiniplex_forest_lined_3_way,
          infiniplex_forest_end_1, uniq_jessica
D:3:      layout_basic, uniq_robin, uniq_terence, uniq_natasha
D:4:      layout_rooms, demons_altar, enter_ossuary_5, corexii_shack,
          uniq_menkaure
D:5:      layout_loops_cross, ashenzari_altar_1, serial_shops,
          nicolae_lakefront_shop, nicolae_stop_n_shop_1, nicolae_stop_n_shop_1,
          nicolae_shop_waterfront, shop
D:6:      minmay_razor_zed, layout_basic, minmay_temple_entry_waves,
          serial_shops, nicolae_shop_trees, uniq_sigmund
D:7:      layout_loops_cross, corner_web_ring, lemuel_old_faithful
D:8:      layout_loops_cross, gammafunk_temple_overflow_claw, st_stairs_12,
          nicolae_transmutations_shop
D:9:      layout_basic, mainiacjoe_overflow_alcove_1, uniq_joseph
D:10:     layout_gridville, erik_lair_island
D:11:     layout_stronghold, orc_0_dummy, serial_shops, shop, enter_bailey_5
D:12:     layout_stronghold, uniq_azrael
D:13:     layout_basic, erik_vaults_2, serial_rivers,
          chequers_serial_rivers_room_a, chequers_serial_rivers_room_b,
          chequers_serial_rivers_micro_a, chequers_serial_rivers_micro_c,
          chequers_serial_rivers_large_b, chequers_serial_rivers_marsh,
          portal_ice_cave_entry_ice_simulacra, uniq_urug
D:14:     layout_cave_pools, serial_shops, shop, chequers_serial_rivers_large_a,
          lemuel_flame_loot_1, uniq_jorgrun
D:15:     grunt_enter_depths_giant_problem, layout_small_grid,
          hangedman_abyss_or_decor_stagger, uniq_roxanne
Lair:1:   layout_roguey, serial_bayou_lagoon_b, serial_bayou_shore_a,
          minmay_lair_oklob_chamber, uniq_prince_ribbit2, uniq_gastronok
Lair:2:   layout_layer_cave, guppyfry_snake_entry_garden
Lair:3:   layout_regular_city, lemuel_centaur_altar, infiniplex_staircase_pool_2
Lair:4:   layout_long_grid, palyth_hydra_swamp_entry, wad_woods_road_03,
          beast_lair_carwin_8
Lair:5:   layout_regular_city, st_stairs_8, serial_bayou_shore_b
Lair:6:   cheibrodos_lair_end_hotspot, layout_cellular_growth,
          minmay_slime_entry_oklob_open, infiniplex_staircase_pool
Swamp:1:  layout_basic_swamp, serial_swamp_ruin, hangedman_swamp_ruin_wall,
          evilmike_swamp_ruin_house_5, swamp_pool1
Swamp:2:  layout_falls_marsh, nicolae_swamp_ascending_descending_big,
          swamp_pool1
Swamp:3:  layout_basic_swamp, evilmike_swamp_ruin_house_6
Swamp:4:  swamp_basic_johnstein, layout_basic_swamp, swamp_pool4,
          hangedman_swamp_diagram
Snake:1:  minmay_snake_river, layout_chambers, gammafunk_ghost_cemetery,
          serial_shops, shop_statue, minmay_shop_star
Snake:2:  layout_onion_interference, ebering_ghost_disaster_area,
          minmay_shop_grove, lemuel_fruit_tree, uniq_aizul
Snake:3:  onia_ninara_swampy_vault, layout_misc_corridors, uniq_donald
Snake:4:  grunt_snake_rune_pools, layout_cave_town, uniq_saint_roka
Slime:1:  layout_caves
Slime:2:  layout_caves
Slime:3:  layout_caves, basic_altar
Slime:4:  layout_caves
Slime:5
Orc:1:    layout_caves, mines4_lemuel, uniq_erolcha, uniq_nergalle
Orc:2:    grunt_orc_community_town_hall, layout_caves,
          grunt_orc_community_big_house_1, grunt_orc_community_big_house_2,
          grunt_orc_community_house_1, grunt_orc_community_house_1,
          grunt_orc_community_house_2, grunt_orc_community_house_1,
          grunt_orc_community_house_2, serial_shops, shop
Elf:1:    nicolae_elf_arrival_aired_out, layout_loops_ring,
          minmay_elf_necromancy, minmay_misc_feat_alley
Elf:2:    nicolae_elf_blades_splatter_lattice [infiniplex_blade_entry_pillars],
          layout_geoelf_octagon
Elf:3:    elf_hall, layout_geoelf_octagon, nicolae_trove_entry_crystal,
          ebering_ghost_rock_garden, hangedman_elven_pyramids, glass_columns_c,
          uniq_louise
Vaults:1: v_misc_33, ontoclasm_vaults_ring_small, v_alt_pattern_6,
          vaults_room_hangedman_quadrants, v_misc_32, vaults_standard_mumra_x,
          layout_vaults_omnigrid
Vaults:2: vaults_room_grid, minmay_crypt_entry_skeletal_spiral,
          vaults_standard_mumra_lines, vaults_mumra_minichess,
          gammafunk_its_a_trap, ontoclasm_vaults_claustrophobia, v_rooms_5,
          vaults_dpeg_diagonal, nicolae_vaults_network_square,
          nicolae_vaults_stairing_the_circle, hangedman_vaults_nodes,
          vaults_room_hallway, ontoclasm_vaults_shuriken,
          nicolae_vaults_gold_heap, v_misc_15, layout_vaults_omnibox,
          uniq_mennas
Vaults:3: v_misc_9, hangedman_vaults_snaps, st_lattice,
          nicolae_vaults_triangles, v_misc_10, vaults_mumra_lcd,
          v_alt_pattern_6, v_pattern_4, layout_vaults_big_room
Vaults:4: grunt_vaults_trifunnel, ontoclasm_vaults_twist,
          nicolae_vaults_angled_halls, nicolae_vaults_network_quinsquares
          [nicolae_vaults_network_quincunx_subvault,
          nicolae_vaults_network_quincunx_subvault,
          nicolae_vaults_network_quincunx_subvault,
          nicolae_vaults_network_quincunx_subvault], hangedman_vaults_slither,
          v_rooms_4, v_misc_19, grunt_tower_of_power, hangedman_vaults_nails,
          vaults_room_pool, layout_vaults_omnicross
Vaults:5: serial_shops, uniq_margery
Crypt:1:  grunt_deathspiral_small, layout_basic, mu_enter_wizlab_4,
          grunt_crypt_arrival_split
Crypt:2:  layout_basic, basic_altar, uniq_boris, uniq_xtahua
Crypt:3:  grunt_crypt_end_deaths_head
Depths:1: kennysheep_blocky_hall, layout_cave_pools, abyss_entry,
          grunt_pan_entry_spiral, nicolae_dithmenos_shadow_blocks,
          grunt_mini_vestibule, library_closet, kennysheep_generic_room_5,
          serial_bayou_shore_b
Depths:2: evilmike_diamond_1, layout_long_grid, okawaru_ov_weapons_minmay,
          hell_entry, minivault_16, st_stairs_1
Depths:3: kennysheep_gozag_temple, layout_basic, enter_ziggurat_c,
          rand_demon_pan_entry_5, serial_shops, shop, nicolae_square_shop,
          kennysheep_little_box, nicolae_shop_behind_doors,
          nicolae_take_the_stairs, nicolae_uskayaw_dance_hall,
          hangedman_abyss_entry_splay, hangedman_tar_grid_catacomb
Depths:4: minmay_the_grid_octo_2x2 [minmay_the_grid_octo_fan_narrow,
          minmay_the_grid_octo_horde, minmay_the_grid_octo_concentric,
          minmay_the_grid_octo_prize_big_c], layout_gridville, abyss_entry,
          hell_entry, elyvilon_altar_5, rand_demon_pan_entry_8,
          minmay_staircase_windowed_small, uniq_mara
Depths:5: grunt_crosshair, layout_basic, hangedman_coc_ice_floe, serial_shops,
          nicolae_inconvenience_store, nrook_mini_vaults
Hell
Zot:1:    layout_misc_corridors
Zot:2:    layout_basic, st_large_dragon_hoard_3
Zot:3:    lemuel_firehouse, layout_onion
Zot:4:    layout_onion_interference
Zot:5:    layout_misc_corridors

Skill      XL: |  1  2  3  4  5  6  7  8  9 10 11 12 13 14 15 16 17 18 19 20 21 22 23 24 25 26 27 |
---------------+----------------------------------------------------------------------------------+-----
Fighting       | 2 3 4 5 6 7 8 9 11 12 13 14 15 16 17 18 19 20 25 | 25.7
Stealth        | 1 2 3 4 |  4.0
Maces & Flails | 1 2 3 5 7 9 11 | 11.8
Armour         | 2 3 4 5 6 8 10 13 16 | 16.0
Invocations    | 5 10 12 13 15 17 18 19 20 21 22 23 24 27 | 27.0
Shields        | 2 4 6 9 12 13 14 15 16 18 19 20 21 25 | 25.0
Evocations     | 4 5 6 12 | 12.0
Slings         | 2 5 7 9 11 12 | 12.4
Axes           | 6 11 13 14 16 | 16.5
Dodging        | 4 5 6 |  6.0
Throwing       | 3 5 8 10 11 12 14 | 14.8

Action                   |  1- 3 |  4- 6 |  7- 9 | 10-12 | 13-15 | 16-18 | 19-21 | 22-24 | 25-27 || total
-------------------------+-------+-------+-------+-------+-------+-------+-------+-------+-------++-------
Melee: War axe           |    23 |       |       |    19 |   488 |  1403 |  1459 |  1242 |  1161 ||  5795
       Whip              |    28 |   167 |   292 |   737 |   141 |       |       |       |       ||  1365
       Flail             |       |    60 |   306 |   126 |     2 |     4 |     9 |       |       ||   507
       Broad axe         |       |       |       |       |   468 |   251 |   532 |  1012 |   580 ||  2843
 Fire: Hunting sling     |    43 |    45 |    58 |    41 |       |       |       |       |       ||   187
       Fustibalus        |       |       |       |   211 |   167 |   185 |   110 |   126 |   369 ||  1168
Throw: Throwing net      |       |     1 |       |       |     1 |       |       |       |       ||     2
       Dart              |       |       |       |     4 |    13 |       |     2 |       |       ||    19
       Javelin           |       |       |       |       |       |       |       |       |    38 ||    38
       Boomerang         |       |       |       |       |       |       |       |       |    14 ||    14
Invok: Lesser Servant of |       |       |       |     2 |       |       |       |       |       ||     2
       Greater Servant o |       |       |       |       |       |       |       |       |     2 ||     2
 Abil: Heal Wounds       |       |     1 |     9 |     4 |    11 |     1 |    11 |    16 |     6 ||    59
Evoke: Wand              |       |       |     4 |    22 |    22 |     8 |     2 |     7 |     8 ||    73
       Condenser vane    |       |       |       |       |     2 |     2 |     5 |     3 |     1 ||    13
       Tin of tremorston |       |       |       |       |       |       |       |     2 |     5 ||     7
       Phantom mirror    |       |       |       |       |       |       |       |     2 |       ||     2
  Use: Scroll            |       |       |    13 |     9 |    12 |     5 |    12 |    19 |    24 ||    94
       Potion            |       |       |       |     1 |     2 |     2 |     4 |     9 |     8 ||    26
 Stab: Held in net/web   |       |     1 |       |       |       |       |       |       |       ||     1
       Sleeping          |       |       |       |     2 |       |       |       |       |       ||     2
       Distracted        |       |       |       |     1 |     1 |       |     1 |     5 |       ||     8
       Paralysed         |       |       |       |       |    11 |       |       |       |       ||    11
       Confused          |       |       |       |       |       |     2 |       |       |       ||     2
Armor: Leather armour    |    25 |       |       |       |       |       |       |       |       ||    25
       Ring mail         |     1 |    22 |       |       |       |       |       |       |       ||    23
       Scale mail        |       |    80 |   231 |   395 |       |       |       |       |       ||   706
       Plate armour      |       |       |       |    57 |   646 |  1063 |   998 |   495 |       ||  3259
       Gold dragon scale |       |       |       |       |       |       |       |   430 |  1056 ||  1486
Dodge: Dodged            |    27 |   127 |   299 |   411 |   478 |   624 |   677 |   619 |   468 ||  3730
Block: Buckler           |       |       |    70 |   234 |   321 |   186 |       |       |       ||   811
       Tower shield      |       |       |       |       |    11 |       |       |       |  1051 ||  1062
       Kite shield       |       |       |       |       |       |   838 |  1422 |  1593 |  1191 ||  5044
       Reflection        |       |       |       |       |       |    53 |    45 |    27 |    61 ||   186
